 Dungeon Crawl Stone Soup version 0.18-a0-824-g47fe746 (webtiles) character file.

10076 patman the Basher (level 11, -2/67 HPs)
             Began as a Gargoyle Berserker on Dec 17, 2015.
             Was a Priest of Trog.
             Killed from afar by an ice statue (37 damage)
             ... with a shard of ice
             ... in an ice cave.
             The game lasted 00:29:42 (5826 turns).

patman the Basher (Gargoyle Berserker)              Turns: 5826, Time: 00:29:42

Health: -2/67      AC: 22    Str: 21    XL:     11   Next: 56%
Magic:  11/11      EV:  8    Int:  8    God:    Trog [***...]
Gold:   358        SH:  0    Dex: 12    Spells: 0 memorised, 10 levels left

rFire  . . .     SeeInvis .     a - +1 flail (drain)
rCold  . . .     Gourm    .     M - +3 chain mail
rNeg   + . .     Faith    .     (no shield)
rPois  ∞         Spirit   .     E - +0 helmet
rElec  +         Dismiss  .     (no cloak)
rCorr  .         Reflect  .     (no gloves)
SustAt .         Harm     .     (no boots)
MR     .....                    (no amulet)
Stlth  ..........               F - ring of stealth
                                H - ring of flight

@: studying Ice Magic, drained, not resistant to hostile enchantments, extremely
unstealthy
A: negative energy resistance 1, electricity resistance, unbreathing,
petrification resistance, rot immunity, AC +7
a: Berserk, Trog's Hand, Burn Spellbooks, Renounce Religion, Evoke Flight


You were in an ice cave.
You worshipped Trog.
Trog was most pleased with you.
You were not hungry.

You visited 1 branch of the dungeon, and saw 11 of its levels.
You also visited: Ice Cave.

You collected 358 gold pieces.

Inventory:

Hand Weapons
 a - a +1 flail of draining (weapon)
 e - a +0 short sword
 v - a +0 mace
Missiles
 j - 6 javelins (quivered)
 l - 125 stones
 q - 5 throwing nets
Armour
 p - a cursed -2 ring mail
 u - the +1 robe of Xuyxiab {Str+4 Int-5, unknown}
   (You found it on level 6 of the Dungeon)

   It affects your strength (+4).
   It affects your intelligence (-5).
 E - a +0 helmet (worn)
 M - a +3 chain mail (worn)
 P - a +2 hat of cold resistance
Jewellery
 t - an uncursed ring of teleportation
 D - a +4 ring of intelligence
 F - a ring of stealth (right hand)
 G - an uncursed ring of sustain attributes
 H - a ring of flight (left hand)
Wands
 b - a wand of draining (0)
 d - a wand of frost (7)
 g - a wand of frost (13)
 k - a wand of digging (2)
 n - a wand of cold (8)
 r - a wand of cold (0)
 w - a wand of frost (28)
 B - a wand of disintegration (0)
 L - a wand of polymorph (7)
Scrolls
 K - a scroll of blinking
Potions
 h - a potion of cancellation
 i - a potion of might
 m - a potion of mutation {unknown}
 o - 2 potions of curing
 s - a potion of ambrosia {unknown}
 x - a potion of cure mutation {unknown}
 z - a potion of degeneration {unknown}
 C - a potion of poison {unknown}
 J - a potion of brilliance {unknown}
Books
 y - a book of the Warp

   Spells                             Type                      Level
   a - Recall                         Summoning/Translocation      3
   b - Gell's Gravitas                Hexes/Translocation          3
   c - Force Lance                    Conjuration/Translocation    4
   d - Phase Shift                    Translocation                5
   e - Warp Weapon                    Charms/Translocation         5
   f - Summon Forest                  Summoning/Translocation      5
   Trog disapproves of the use of such an item.
 I - a book of Summonings

   Spells                             Type                      Level
   a - Recall                         Summoning/Translocation      3
   b - Aura of Abjuration             Summoning                    5
   c - Shadow Creatures               Summoning                    5
   d - Summon Demon                   Summoning                    5
   e - Summon Forest                  Summoning/Translocation      5
   f - Summon Mana Viper              Hexes/Summoning              5
   Trog disapproves of the use of such an item.
 N - a manual of Ice Magic Trog disapproves of the use of such an item.
 O - a manual of Ice Magic Trog disapproves of the use of such an item.
Comestibles
 c - 6 bread rations
 f - 2 fruits
 A - 6 beef jerkies


   Skills:
 - Level 7.1(6.0) Fighting
 * Level 14.5(13.3) Maces & Flails
 - Level 9.2(8.1) Armour
 - Level 1.5(0.7) Dodging


You had 10 spell levels left.
You didn't know any spells.

Dungeon Overview and Level Annotations

Branches:
Dungeon (11/15)
 Temple: D:4-7         Lair: D:8-11         Orc: D:9-12

Altars:
Elyvilon
Fedhas
Gozag
Kikubaaqudgha
Okawaru
Pakellas
Zin

Annotations:
IceCv exclusion: ice statue


Innate Abilities, Weirdness & Mutations

You are resistant to torment.
Your stone body is resilient (AC +7).
You are immune to poison.
You resist negative energy.
You are resistant to electric shocks.
You can survive without breathing.
You are immune to petrification.
You are immune to rotting.


Message History

b - a wand of draining {zapped: 8} You see here a robe of cold resistance.
w - a wand of frost
N - a manual of Ice Magic
O - a manual of Ice Magic You see here a curved smoking staff.
You open the door.
You feel less exhausted.
There is an open door here.
You see here a hat of cold resistance.
P - a hat of cold resistance Wear which item? (? for menu, Esc to quit)
Okay, then.
Unknown command.
There is an open door here.
Really walk into a travel-excluded area?
The ice statue throws ice at you. The shard of ice hits you!
Ouch! That really hurt!
You die...

######.......###.##
..##...#.##...###.##
#....#####....# ##.#
###.## ##......###.#
### ##....8...##.#
#.........##.# ##
##...####.....# .#
#...##..##....# =#
#..#.|..#.@#.#
########........##.#
##...###......#####
##.....####'###[##
#..###..# #..#≈#.##
..##....# #######.##
.##...### ##.##
####....###### ##.##
≈≈≈##...8...8###
##.##


You could see an ice statue.

Vanquished Creatures
  Erolcha (D:8)
  Pikel (D:8)
  A necromancer (IceCv)
  An ugly thing (D:11)
  A centaur zombie (D:11)
  A komodo dragon (D:11)
  10 freezing wraiths (IceCv)
  2 trolls
  Prince Ribbit (D:8)
  The ghost of 4thArraOfDagon the Chopper, an amateur GrFi (D:6)
  5 yaks (D:6)
  Edmund (D:6)
  2 sky beasts
  A black bear (D:8)
  2 phantoms (D:6)
  3 slaves (D:8)
  3 ice beasts
  7 ogres
  A giant frog (D:9)
  3 centaurs
  2 big kobolds
  A wyvern skeleton (D:9)
  7 killer bees
  3 crimson imps
  6 draconian simulacra (IceCv)
  A giant frog skeleton (D:9)
  4 hounds
  2 iguanas
  2 orc priests
  6 worker ants
  3 orc wizards
  3 troll simulacra (IceCv)
  A spriggan simulacrum (IceCv)
  2 centaur simulacra (IceCv)
  A hound zombie (D:5)
  2 hound skeletons (D:6)
  6 gnolls (D:6)
  7 adders
  3 ogre simulacra (IceCv)
  3 river rats (D:6)
  5 naga simulacra (IceCv)
  10 white imps (IceCv)
  2 giant geckos
  15 orcs
  5 goblins
  4 hobgoblins
  13 kobolds
  2 quokkas (D:11)
  A ball python (D:2)
  2 giant newts
  2 rats
  A plant (D:6)
175 creatures vanquished.

Vanquished Creatures (collateral kills)
  A death yak simulacrum (IceCv)
  A sky beast (D:9)
  4 ice beasts (IceCv)
  2 alligator simulacra (IceCv)
  A wolf simulacrum (IceCv)
  2 white imps (IceCv)
11 creatures vanquished.

Vanquished Creatures (others)
  A phantom (D:11)
  An orc (D:11)
2 creatures vanquished.

Grand Total: 188 creatures vanquished

Notes
Turn   | Place    | Note
--------------------------------------------------------------
     0 | D:1      | patman the Gargoyle Berserker began the quest for the Orb.
     0 | D:1      | Reached XP level 1. HP: 14/14 MP: 1/1
   286 | D:2      | Reached XP level 2. HP: 17/19 MP: 2/2
   485 | D:4      | Reached ** piety under Trog
   485 | D:4      | Reached skill level 4 in Maces & Flails
   502 | D:4      | Reached XP level 3. HP: 20/23 MP: 3/3
   665 | D:4      | Reached XP level 4. HP: 24/28 MP: 4/4
   685 | D:5      | Entered Level 5 of the Dungeon
   703 | D:5      | Reached skill level 5 in Maces & Flails
   728 | D:5      | Found a glowing silver altar of Zin.
   793 | D:5      | Reached XP level 5. HP: 29/32 MP: 5/5
   886 | D:5      | Reached skill level 6 in Maces & Flails
  1100 | D:4      | HP: 2/48 [worker ant (3)]
  1407 | D:4      | Reached XP level 6. HP: 26/37 MP: 6/6
  1459 | D:5      | Reached skill level 7 in Maces & Flails
  1565 | D:6      | Noticed a yak
  1578 | D:6      | Killed a yak
  1578 | D:6      | Reached XP level 7. HP: 34/41 MP: 7/7
  1619 | D:6      | Noticed a yak
  1620 | D:6      | Noticed a yak
  1621 | D:6      | Noticed a yak
  1621 | D:6      | Noticed a yak
  1634 | D:6      | Killed a yak
  1634 | D:6      | Reached skill level 8 in Maces & Flails
  1634 | D:6      | Killed a yak
  1634 | D:6      | Reached skill level 9 in Maces & Flails
  1636 | D:6      | Killed a yak
  1636 | D:6      | Reached XP level 8. HP: 46/46 MP: 8/8
  1743 | D:6      | Got a twisted robe
  1759 | D:6      | Noticed 4thArraOfDagon's ghost (amateur GrFi)
  1780 | D:6      | Killed 4thArraOfDagon's ghost
  1780 | D:6      | Reached skill level 10 in Maces & Flails
  1922 | D:6      | Noticed Edmund
  1923 | D:6      | Reached skill level 11 in Maces & Flails
  1925 | D:6      | Reached *** piety under Trog
  1935 | D:6      | Killed Edmund
  1935 | D:6      | Reached XP level 9. HP: 45/51 MP: 9/9
  2152 | D:7      | Reached skill level 12 in Maces & Flails
  2212 | D:8      | Noticed Prince Ribbit
  2223 | D:8      | Killed Prince Ribbit
  2384 | D:9      | Found an oddly glowing altar of Pakellas.
  2525 | D:9      | Reached skill level 5 in Armour
  2570 | D:9      | Found a blossoming altar of Fedhas.
  2642 | D:8      | Noticed Erolcha
  2656 | D:8      | Killed Erolcha
  2656 | D:8      | Reached skill level 5 in Fighting
  2656 | D:8      | Reached XP level 10. HP: 60/60 MP: 10/10
  2664 | D:8      | Noticed Pikel
  2672 | D:8      | Killed Pikel
  3027 | D:10     | Entered Level 10 of the Dungeon
  3071 | D:9      | Found a white marble altar of Elyvilon.
  3074 | D:9      | Found an iron altar of Okawaru.
  3270 | D:10     | Reached **** piety under Trog
  3336 | D:10     | Found an opulent altar of Gozag.
  3362 | D:11     | Noticed a cyan ugly thing
  3381 | D:11     | Killed a cyan ugly thing
  3620 | D:11     | Found an ancient bone altar of Kikubaaqudgha.
  3679 | D:11     | Reached XP level 11. HP: 57/67 MP: 11/11
  3714 | D:11     | Found a frozen archway.
  3744 | IceCv    | Entered an ice cave
  3751 | IceCv    | Reached skill level 13 in Maces & Flails
  4657 | IceCv    | Found an ancient bone altar of Kikubaaqudgha.
  4698 | IceCv    | Reached skill level 14 in Maces & Flails
  5735 | IceCv    | Noticed a necromancer
  5755 | IceCv    | Killed a necromancer
  5826 | IceCv    | Killed from afar by an ice statue

Vault maps used:
D:1:      lightli_iron_boxes
D:2:      okawaru_metal_pillars_1_2, uniq_robin, uniq_jessica
D:3:      xom_redecorated, marbit_many_paths, overflow_temple_1_default,
          ecumenical_altar_2, st_stairs_12, uniq_grinder
D:4:      first_bread, grunt_ministairs_9, grunt_decor_arrowhead, st_stairs_11
D:5:      zin_statuary, lemuel_doored_altar
D:6:      wad_woods_tower, nemelex_xobeh_ov_fountains_minmay,
          minmay_temple_entry_hall, uniq_edmund
D:7:      nicolae_tso_swordbearing_angel, kennysheep_little_box
D:8:      yredelemnul_forgotten_temple_becter, lemuel_coloured_pillars_altar,
          uniq_pikel, uniq_erolcha, uniq_prince_ribbit1
D:9:      old_standard_altar, overflow_temple_1_default,
          nicolae_overflow_hidden_temple, grunt_ogre_cave
D:10:     lair_0_dummy, special_room, grunt_gozag_statues
D:11:     minmay_separated_statues, basic_altar,
          portal_ice_cave_entry_pillars_02
IceCv:    ice_cave_small_necro

Action                   |  1- 3 |  4- 6 |  7- 9 | 10-12 || total
-------------------------+-------+-------+-------+-------++-------
Melee: Mace              |    50 |   120 |   145 |       ||   315
       Flail             |       |       |   118 |   404 ||   522
Throw: Javelin           |       |     2 |     2 |    11 ||    15
Invok: Berserk           |       |     3 |     6 |     9 ||    18
       Trog's Hand       |       |       |     1 |     2 ||     3
       Brothers in Arms  |       |       |       |     3 ||     3
Evoke: Wand              |       |       |     6 |     9 ||    15
  Use: Scroll            |     3 |     1 |     6 |     7 ||    17
       Potion            |       |       |     2 |     2 ||     4
 Stab: Distracted        |       |       |       |     1 ||     1
  Eat: Chunk             |       |     4 |    11 |     6 ||    21
       Meat ration       |       |       |       |     2 ||     2
       Bread ration      |       |       |       |     2 ||     2
